 Dungeon Crawl Stone Soup version 0.18.1-50-g88ac8fd (webtiles) character file.

1664 Gargoyl the Covered (level 8, -3/94 HPs)
             Began as a Demonspawn Abyssal Knight on Sept 13, 2016.
             Was a Priest of Lugonu.
             Slain by an ogre
             ... wielding a +0 giant spiked club
              (13 damage)
             ... on level 6 of the Dungeon.
             The game lasted 00:13:21 (7871 turns).

Gargoyl the Covered (Demonspawn Abyssal Knight)     Turns: 7871, Time: 00:13:22

Health: -3/94      AC: 24    Str: 19    XL:     8   Next: 69%
Magic:  10/10      EV:  2    Int: 13    God:    Lugonu [***...]
Gold:   335        SH:  0    Dex: 14    Spells: 0 memorised, 7 levels left

rFire  . . .     SeeInvis .     k - +4 war axe
rCold  . . .     Gourm    .     (armour currently unavailable)
rNeg   + + +     Faith    .     (no shield)
rPois  +         Spirit   .     (helmet currently unavailable)
rElec  .         Dismiss  .     (cloak currently unavailable)
rCorr  .         Reflect  .     (gloves currently unavailable)
SustAt .         Harm     .     (boots currently unavailable)
MR     .....     NoTele   +     (no amulet)
Stlth  ++........               (no ring)
                                (no ring)

@: mighty, tree-form, not resistant to hostile enchantments, unstealthy
A: (talons 0), rugged brown scales 1, demonic guardian 1, powered by pain 2
a: Depart the Abyss, Bend Space, Banish, Renounce Religion


You were on level 6 of the Dungeon.
You worshipped Lugonu.
Lugonu was most pleased with you.
You were not hungry.
You were a tree.
You visited 1 branch of the dungeon, and saw 6 of its levels.
You visited the Abyss 1 time.
You also visited: Sewer.

You collected 335 gold pieces.

Inventory:

Hand Weapons
 k - a +4 war axe (weapon)
Armour
 c - a +2 pair of boots (melded)
 d - a +2 cloak (melded)
 p - a +0 chain mail (melded)
Wands
 a - a wand of slowing (17/48)
 s - a wand of digging (20/24)
Scrolls
 e - a scroll of magic mapping
 h - 4 scrolls of fog
 i - 2 scrolls of enchant armour
 l - a scroll of teleportation
 m - a scroll of blinking {unknown}
 n - 7 scrolls of identify
 u - a scroll of remove curse
Potions
 f - a potion of invisibility {unknown}
 g - a potion of mutation {unknown}
 o - a potion of agility {unknown}
 r - 3 potions of resistance {unknown}
Comestibles
 j - 2 bread rations
 q - a chunk of flesh
 t - 2 meat rations


   Skills:
 + Level 5.1 Fighting
 + Level 5.1 Axes
 * Level 6.8 Armour
 + Level 4.0 Dodging
 + Level 1.4 Stealth
 + Level 2.9 Invocations


You had 7 spell levels left.
You didn't know any spells.

Dungeon Overview and Level Annotations

Branches:
Dungeon (6/15)
 Temple: D:4-7

Altars:
Ashenzari
Cheibriados
Fedhas
Makhleb
Nemelex Xobeh
Pakellas
Trog


Innate Abilities, Weirdness & Mutations

((You have sharp toenails.))
(You are partially covered in rugged brown scales (AC +1, +3% HP).)
A weak demonic guardian rushes to your aid.
You sometimes gain power by taking damage.


Message History

You barely miss the ogre.
The ogre hits you with a giant spiked club!
You barely miss the ogre. Your ufetubus hits the ogre. x4
The ogre hits you with a giant spiked club!
* * * LOW HITPOINT WARNING * * *
You focus on the pain.
You feel very mighty all of a sudden.
Unknown command.
Drink which item? (? for menu, Esc to quit)
Okay, then.
Drink which item? (? for menu, Esc to quit)
You turn into a tree.
Your +2 cloak melds into your body.
Your +2 pair of boots melds into your body.
Your +0 chain mail melds into your body.
Your roots penetrate the ground.
Your ufetubus closely misses the ogre.
Your ufetubus barely misses the ogre.
Your ufetubus hits the ogre. x2
You slash the ogre!
The ogre is severely wounded.
The ogre hits you with a giant spiked club!
You die...

.<............................#
......................#####...#
....###...............# #####
..............##......#
........#.....##[.....#
..#.....#.....##......#
..#.....#.............#
..#.....#.............#
...............5♣.♣♣♣....
†..............O#♣♣ ≈###
..............#.≈♣ ≈≈
.....#..........♣≈≈≈≈≈♣♣
...............♣≈≈≈P≈P≈P
####.#.###..#.≈PP♣♣P≈♣≈≈
.#.#......♣♣≈≈ ≈≈≈≈ .# #.####♣
≈≈≈ ≈≈PP .. .. # P♣≈≈ P≈≈


You could see an ogre and a friendly ufetubus.

Vanquished Creatures
  Sigmund (D:4)
  Edmund (D:4)
  A sky beast (D:6)
  Purgy (Sewer)
  A phantom (D:4)
  An ogre (D:5)
  A big kobold (D:6)
  2 scorpions
  3 electric eels (D:6)
  2 crimson imps
  2 hounds
  A jelly (D:4)
  An orc priest (D:3)
  3 orc wizards
  An iguana (D:4)
  5 adders
  5 gnolls
  2 river rats (D:6)
  2 oozes
  An adder skeleton (D:4)
  3 worms
  4 dart slugs
  3 giant geckos
  7 orcs
  8 giant cockroaches
  7 goblins
  4 hobgoblins
  18 kobolds
  A ball python (D:6)
  4 bats
  A giant gecko skeleton (D:4)
  A giant gecko zombie (D:6)
  2 giant newts
  A jackal skeleton (D:4)
  6 rats
107 creatures vanquished.

Vanquished Creatures (collateral kills)
  A water moccasin (D:6)
  A centaur (D:5)
  An ogre (D:6)
  2 giant frogs (D:6)
  A scorpion (D:4)
  2 orc wizards (D:5)
  An orc (D:5)
  A kobold (D:6)
10 creatures vanquished.

Grand Total: 117 creatures vanquished

Notes
Turn   | Place    | Note
--------------------------------------------------------------
     0 | Abyss:1  | Gargoyl the Demonspawn Abyssal Knight began the quest for the Orb.
     0 | Abyss:1  | Reached XP level 1. HP: 18/18 MP: 2/2
    72 | Abyss:1  | Noticed a sky beast
   100 | D:1      | Escaped the Abyss
   249 | D:1      | Found a sparkling altar of Nemelex Xobeh.
   299 | D:1      | Gained mutation: You sometimes gain a little power by taking damage. [demonic ancestry]
   299 | D:1      | Reached XP level 2. HP: 24/24 MP: 4/4
   368 | D:1      | Reached skill level 2 in Armour
   564 | D:1      | Reached skill level 1 in Dodging
   907 | D:1      | Reached XP level 3. HP: 29/29 MP: 5/5
  1119 | D:1      | Reached * piety under Lugonu
  2249 | D:2      | Found a snail-covered altar of Cheibriados.
  2430 | D:3      | Gained mutation: You sometimes gain power by taking damage. [demonic ancestry]
  2430 | D:3      | Reached XP level 4. HP: 35/35 MP: 6/6
  2822 | D:3      | Found a burning altar of Makhleb.
  2950 | D:3      | Found a bloodstained altar of Trog.
  2950 | D:3      | Found an oddly glowing altar of Pakellas.
  3326 | D:4      | Reached skill level 3 in Armour
  3326 | D:4      | Reached XP level 5. HP: 24/41 MP: 7/7
  3586 | D:4      | Found a blossoming altar of Fedhas.
  3612 | D:4      | Reached ** piety under Lugonu
  4039 | D:4      | Noticed Sigmund
  4197 | D:3      | Gained mutation: You are partially covered in rugged brown scales (AC +1, +3% HP). [demonic ancestry]
  4197 | D:3      | Reached XP level 6. HP: 27/48 MP: 8/8
  4339 | D:3      | Reached skill level 4 in Armour
  4755 | D:4      | HP: 2/49 [Sigmund/puff of flame (10)]
  4767 | D:4      | Killed Sigmund
  5220 | D:4      | Noticed Edmund
  5246 | D:4      | HP: 2/73 [Edmund/flail of protection (8)]
  5247 | D:4      | Killed Edmund
  5247 | D:4      | Reached skill level 1 in Stealth
  5247 | D:4      | Gained mutation: A weak demonic guardian rushes to your aid. [demonic ancestry]
  5247 | D:4      | Reached XP level 7. HP: 2/55 MP: 9/9
  5765 | D:4      | Reached skill level 5 in Armour
  5886 | D:5      | Entered Level 5 of the Dungeon
  6695 | D:5      | Found a shattered altar of Ashenzari.
  6959 | D:6      | Gained mutation: You have sharp toenails. [demonic ancestry]
  6959 | D:6      | Reached XP level 8. HP: 55/62 MP: 10/10
  7069 | D:6      | Reached skill level 6 in Armour
  7376 | D:6      | Reached *** piety under Lugonu
  7416 | D:6      | Found a glowing drain.
  7425 | Sewer    | Entered a sewer
  7574 | Sewer    | Noticed Purgy
  7580 | Sewer    | Killed Purgy
  7736 | D:6      | Reached skill level 5 in Fighting
  7777 | D:6      | Reached skill level 5 in Axes
  7871 | D:6      | Slain by an ogre

Skill      XL: |  1  2  3  4  5  6  7  8 |
---------------+-------------------------+-----
Armour         | 2 3 4 5 6 |  6.8
Dodging        | 1 2 3 4 |  4.0
Axes           | 2 3 4 5 |  5.1
Fighting       | 4 5 |  5.1
Stealth        | 1 |  1.4
Invocations    | |  2.9

Action                   |  1- 3 |  4- 6 |  7- 9 || total
-------------------------+-------+-------+-------++-------
Melee: Hand axe          |   127 |       |       ||   127
       War axe           |     2 |   195 |   146 ||   343
Invok: Depart the Abyss  |     1 |       |       ||     1
  Use: Potion            |       |     7 |     1 ||     8
       Scroll            |       |       |    14 ||    14
 Stab: Distracted        |       |       |     1 ||     1
  Eat: Chunk             |     2 |     8 |     8 ||    18
       Bread ration      |     1 |       |       ||     1
Armor: Leather armour    |    22 |       |       ||    22
       Ring mail         |    37 |    14 |       ||    51
       Chain mail        |       |   136 |    98 ||   234
       Skin              |       |    15 |       ||    15
Dodge: Dodged            |    81 |   103 |    67 ||   251
